 Dungeon Crawl Stone Soup version 0.18.1-5-g4a78601 (webtiles) character file.

6715 dorian the Arsonist (level 11, -3/61 HPs)
             Began as an Octopode Fire Elementalist on May 13, 2016.
             Was a Believer of Vehumet.
             Slain by a four-headed hydra (10 damage)
             ... on level 1 of the Lair of Beasts.
             The game lasted 00:40:43 (12877 turns).

dorian the Arsonist (Octopode Fire Elementalist)   Turns: 12877, Time: 00:40:44

Health: -3/61      AC:  1    Str: 10    XL:     11   Next: 4%
Magic:  20/20      EV: 17    Int: 20    God:    Vehumet [**....]
Gold:   699        SH:  0    Dex: 14    Spells: 5 memorised, 8 levels left

rFire  + + .     SeeInvis .     c - +1 hunting sling (evade)
rCold  x . .     Gourm    .     (no shield)
rNeg   . . .     Faith    .     (helmet restricted)
rPois  .         Spirit   .     (no amulet)
rElec  .         Dismiss  .     h - ring of fire
rCorr  .         Reflect  .     l - ring of sustain attributes
SustAt +         Harm     .     u - ring of stealth
MR     .....     Rnd*Rage +     x - ring of Nihashrea {rF+ rC- Str+3 Slay+6}
Stlth  ++++......               (no ring)
                                (no ring)
                                (no ring)
                                (no ring)

@: not resistant to hostile enchantments, stealthy
A: almost no armour, amphibious, 8 rings, constrict 8, tentacle spike 1,
camouflage 1, berserk 1, cold resistance 1, deterioration 1, gelatinous body 1
a: Renounce Religion


You were on level 1 of the Lair of Beasts.
You worshipped Vehumet.
Vehumet was pleased with you.
You were not hungry.

You visited 2 branches of the dungeon, and saw 11 of its levels.

You collected 699 gold pieces.

Inventory:

Hand Weapons
 c - a +1 hunting sling of evasion (weapon)
 d - a +0 mace
 p - a +0 war axe of freezing
 r - a +2 falchion of freezing
 S - a +2 dagger of protection
Missiles
 e - 205 stones
 j - 7 curare-tipped needles
 n - 72 sling bullets (quivered)
Armour
 k - a +1 buckler
Jewellery
 h - a ring of fire (left tentacle)
 l - a ring of sustain attributes (right tentacle)
 u - a ring of stealth (on tentacle)
 x - the ring of Nihashrea (on tentacle) {rF+ rC- Str+3 Slay+6}
   (You found it on level 6 of the Dungeon)

   [ring of protection from fire]

   It affects your strength (+3).
   It affects your accuracy and damage with ranged weapons and melee attacks
   (+6).
   It protects you from fire.
   It makes you vulnerable to cold.
Wands
 w - a wand of paralysis (0/24)
 B - a wand of flame (2/48)
 F - a wand of disintegration (0/24)
 L - a wand of flame (13/48)
 R - a wand of flame (20/48)
Scrolls
 f - 2 scrolls of identify
 g - 6 scrolls of noise
 i - 4 scrolls of immolation
 m - 2 scrolls of amnesia
 o - 6 scrolls of remove curse
 t - a scroll of magic mapping
 y - a scroll of enchant armour
 E - a scroll of fear
 H - 3 scrolls of teleportation
 J - a scroll of random uselessness
 U - a scroll of silence
Potions
 q - 2 potions of curing
 s - a potion of magic
 v - 3 potions of brilliance
 D - a potion of might
 G - a potion of beneficial mutation
 I - a potion of cancellation
 K - 2 potions of agility
 M - a potion of ambrosia
 O - a potion of resistance
 P - a potion of lignification
 V - a potion of flight {unknown}
Books
 a - a book of Flames

   Spells                             Type                      Level
   a - Flame Tongue                   Conjuration/Fire             1
   b - Throw Flame                    Conjuration/Fire             2
   c - Conjure Flame                  Conjuration/Fire             3
   d - Inner Flame                    Hexes/Fire                   3
   e - Sticky Flame                   Conjuration/Fire             4
   f - Fireball                       Conjuration/Fire             5
 N - a book of Beasts

   Spells                             Type                      Level
   a - Summon Butterflies             Summoning                    1
   b - Call Canine Familiar           Summoning                    3
   c - Summon Ice Beast               Ice/Summoning                4
   d - Summon Mana Viper              Hexes/Summoning              5
   e - Summon Hydra                   Summoning                    7
 Q - a book of Summonings

   Spells                             Type                      Level
   a - Recall                         Summoning/Translocation      3
   b - Aura of Abjuration             Summoning                    5
   c - Summon Demon                   Summoning                    5
   d - Summon Forest                  Summoning/Translocation      5
   e - Summon Mana Viper              Hexes/Summoning              5
   f - Shadow Creatures               Summoning                    6
 T - a book of the Tempests

   Spells                             Type                      Level
   a - Static Discharge               Conjuration/Air              3
   b - Lightning Bolt                 Conjuration/Air              5
   c - Fireball                       Conjuration/Fire             5
   d - Tornado                        Air                          9
   e - Shatter                        Earth                        9
Comestibles
 b - 8 bread rations
 A - 13 fruits
 C - 4 meat rations


   Skills:
 - Level 2.0 Dodging
 - Level 2.6 Stealth
 - Level 6.0 Spellcasting
 + Level 10.6 Conjurations
 + Level 11.2 Fire Magic


You had 8 spell levels left.
You knew the following spells:

 Your Spells              Type           Power        Failure   Level  Hunger
a - Flame Tongue          Conj/Fire      #####        1%          1    None
b - Conjure Flame         Conj/Fire      ######..     1%          3    ##.....
c - Sticky Flame          Conj/Fire      ######..     1%          4    ####...
d - Fireball              Conj/Fire      ######....   4%          5    #####..
e - Sting                 Conj/Pois      ####         1%          1    None


Dungeon Overview and Level Annotations

Branches:
Dungeon (10/15)            Temple (0/1) D:4            Lair (1/8) D:10
    Orc: D:9-12

Altars:
Ashenzari
Cheibriados
Elyvilon
Fedhas
Okawaru
Pakellas
Qazlal
Ru
Sif Muna
Vehumet
Xom
Yredelemnul
Zin
The Shining One

Annotations:
D:7 Ashar's ghost, novice DsGl
D:10 Fannar


Innate Abilities, Weirdness & Mutations

You cannot wear most types of armour.
You are amphibious.
You can wear up to eight rings at the same time.
You can use your tentacles to constrict eight enemies at once.
Your skin changes colour to match your surroundings (Stealth).
Your rubbery body absorbs attacks (AC +1).
One of your tentacles bears a spike.
You tend to lose your temper in combat.
Your flesh is cold resistant.
Your body sometimes deteriorates upon taking damage.


Message History

The four-headed hydra bites you!
The four-headed hydra closely misses you.
The four-headed hydra bites you.
The four-headed hydra closely misses you. x2
The four-headed hydra bites you! x2
There is a staircase back to the Dungeon, spattered with blood here.
You see here 3 stones.
An iguana comes into view.
Found a fruit.
Read which item? (? for menu, Esc to quit)
Okay, then.
The iguana hisses angrily.
An iguana comes into view.
Found 16 gold pieces.
Found a stone staircase leading down.
The iguana hisses angrily.
The iguana bites you. The four-headed hydra bites you.
The four-headed hydra bites you!
* * * LOW HITPOINT WARNING * * *
The four-headed hydra misses you. The four-headed hydra bites you!
You die...

##### ### ###P..# ## ##.##
###.....### .#####...#
###...###...##
....<....###PllD..##....##
.........##...##@..(.....###
...........................#
.........................#.#
........................#.##
.........#...............###
.♣...........##.....#......#
..P♣..##......#......^..####
.P..♣%........##........#
..%%..##...#.#########.##


You could see a four-headed hydra and 2 iguanas.

Vanquished Creatures
  Erolcha (D:8)
  A hill giant (D:10)
  An ugly thing (D:10)
  A faun (Lair:1)
  Grinder (D:6)
  A basilisk (Lair:1)
  A hippogriff (D:10)
  Eustachio (D:4)
  Menkaure (D:4)
  2 wargs (D:10)
  A water moccasin (Lair:1)
  Duvessa (D:5)
  2 orc warriors
  A porcupine (Lair:1)
  A black bear (D:5)
  6 ice beasts
  2 phantoms
  4 sky beasts
  A necrophage (D:9)
  4 ogres
  A centaur (D:6)
  6 giant frogs
  Dowan (D:5)
  A scorpion (D:8)
  A howler monkey (D:4)
  A giant frog zombie (D:8)
  2 hounds
  2 quasits
  A centaur zombie (D:10)
  11 orc priests
  2 centaur skeletons
  2 giant frog skeletons (D:10)
  2 orc wizards
  4 iguanas
  4 worker ants
  A hound skeleton (D:7)
  A howler monkey skeleton (D:4)
  A worker ant zombie (D:8)
  5 gnolls
  8 adders
  A shadow imp (D:9)
  An adder skeleton (D:8)
  An adder zombie (D:5)
  2 dart slugs (D:1)
  5 giant geckos
  44 orcs
  4 ball pythons
  5 giant cockroaches
  3 goblins
  7 hobgoblins
  12 jackals
  7 kobolds
  4 quokkas
  2 bats
  A giant gecko zombie (D:5)
  A giant newt (D:1)
  5 rats
196 creatures vanquished.

Notes
Turn   | Place    | Note
--------------------------------------------------------------
     0 | D:1      | dorian the Octopode Fire Elementalist began the quest for the Orb.
     0 | D:1      | Reached XP level 1. HP: 11/11 MP: 3/3
    73 | D:1      | Reached XP level 2. HP: 17/17 MP: 1/5
   209 | D:1      | Reached XP level 3. HP: 19/21 MP: 1/6
   363 | D:1      | Learned a level 3 spell: Conjure Flame
   811 | D:1      | Reached skill level 4 in Fire Magic
  1051 | D:2      | Noticed an angel
  1052 | D:2      | Found a shimmering altar of Xom.
  1056 | D:2      | Found a glowing silver altar of Zin.
  1283 | D:2      | Reached XP level 4. HP: 27/27 MP: 4/7
  1426 | D:2      | Found a stormy altar of Qazlal.
  2141 | D:3      | Reached XP level 5. HP: 31/31 MP: 4/8
  2170 | D:3      | Found a faded altar to an unknown god.
  3098 | D:4      | Noticed Eustachio
  3119 | D:4      | Reached skill level 5 in Fire Magic
  3379 | D:4      | Reached XP level 6. HP: 36/36 MP: 6/10
  3694 | D:5      | Entered Level 5 of the Dungeon
  4044 | D:4      | Reached XP level 7. HP: 32/41 MP: 4/12
  4856 | D:5      | Reached skill level 6 in Fire Magic
  5213 | D:5      | Learned a level 4 spell: Sticky Flame
  5280 | D:5      | Noticed Duvessa
  5284 | D:5      | Noticed Dowan
  5313 | D:5      | Killed Duvessa
  5313 | D:5      | Reached skill level 5 in Conjurations
  5356 | D:3      | Reached XP level 8. HP: 34/46 MP: 3/14
  5600 | D:5      | Found a deep blue altar of Sif Muna.
  5648 | D:5      | Killed Dowan
  5781 | D:6      | Found an oddly glowing altar of Pakellas.
  5839 | D:6      | Got a vibrating glass ring
  5840 | D:6      | Identified the ring of Nihashrea {rF+ rC- Str+3 Slay+6} (You found it on level 6 of the Dungeon)
  5879 | D:6      | Found a radiant altar of Vehumet.
  5882 | D:6      | Found a shattered altar of Ashenzari.
  5886 | D:6      | Found a blossoming altar of Fedhas.
  5891 | D:6      | Became a worshipper of Vehumet
  5944 | D:6      | Noticed Grinder
  6067 | D:6      | Learned a level 5 spell: Fireball
  6068 | D:6      | Found an iron altar of Okawaru.
  6219 | D:6      | Found a sacrificial altar of Ru.
  6767 | D:6      | Reached skill level 5 in Spellcasting
  6767 | D:6      | Reached skill level 7 in Fire Magic
  7222 | D:7      | Noticed Ashar's ghost (novice DsGl)
  7250 | D:7      | Found a snail-covered altar of Cheibriados.
  7392 | D:7      | Reached XP level 9. HP: 50/51 MP: 12/17
  7530 | D:7      | Reached * piety under Vehumet
  7530 | D:7      | Offered knowledge of Shock by Vehumet.
  7857 | D:7      | Found a glowing golden altar of the Shining One.
  8176 | D:8      | Reached skill level 8 in Fire Magic
  8634 | D:8      | Noticed Erolcha
  8666 | D:8      | Killed Erolcha
  8666 | D:8      | Reached skill level 9 in Fire Magic
  9040 | D:9      | Found a white marble altar of Elyvilon.
  9186 | D:9      | Reached XP level 10. HP: 56/56 MP: 11/19
  9555 | D:9      | Found a basalt altar of Yredelemnul.
  9661 | D:9      | Reached ** piety under Vehumet
  9661 | D:9      | Offered knowledge of Sting by Vehumet.
  9668 | D:9      | Learned a level 1 spell: Sting
  9931 | D:10     | Entered Level 10 of the Dungeon
 10164 | D:10     | Noticed Fannar
 10231 | D:10     | Found a staircase to the Lair.
 10323 | D:10     | Reached skill level 10 in Fire Magic
 10671 | D:10     | Noticed a green ugly thing
 10718 | D:10     | Killed a green ugly thing
 10723 | D:10     | Gained mutation: Your body sometimes deteriorates upon taking damage. [mutagenic meat]
 10724 | D:10     | Gained mutation: Your flesh is cold resistant. [mutagenic meat]
 10725 | D:10     | Gained mutation: You tend to lose your temper in combat. [mutagenic meat]
 10726 | D:10     | Gained mutation: One of your tentacles bears a spike. [mutagenic meat]
 10849 | D:10     | Noticed a hill giant
 10868 | D:10     | Killed a hill giant
 11533 | D:4      | Found a staircase to the Ecumenical Temple.
 11533 | D:4      | Noticed Menkaure
 11537 | D:4      | Killed Menkaure
 11537 | D:4      | Reached skill level 10 in Conjurations
 11581 | D:4      | Killed Eustachio
 11882 | D:6      | Killed Grinder
 12425 | Lair:1   | Entered Level 1 of the Lair of Beasts
 12442 | Lair:1   | Reached skill level 11 in Fire Magic
 12651 | Lair:1   | Noticed a faun
 12660 | Lair:1   | Noticed a black mamba
 12790 | Lair:1   | Killed a faun
 12790 | Lair:1   | Reached XP level 11. HP: 53/61 MP: 9/20
 12796 | Lair:1   | Noticed a four-headed hydra
 12877 | Lair:1   | Slain by a four-headed hydra

Skill      XL: |  1  2  3  4  5  6  7  8  9 10 |
---------------+-------------------------------+-----
Conjurations   | 2 3 4 5 6 8 10 | 10.6
Fire Magic     | 4 5 6 7 9 11 | 11.2
Spellcasting   | 3 4 5 6 |  6.0
Dodging        | |  2.0
Stealth        | |  2.6

Action                   |  1- 3 |  4- 6 |  7- 9 | 10-12 || total
-------------------------+-------+-------+-------+-------++-------
Melee: Unarmed           |     3 |       |       |       ||     3
       Constrict         |     3 |     1 |       |       ||     4
       Mace              |     8 |     2 |       |       ||    10
       Tentacles         |     1 |     1 |       |       ||     2
 Fire: Hunting sling     |       |     6 |    71 |    25 ||   102
 Cast: Flame Tongue      |    43 |    89 |   204 |   118 ||   454
       Conjure Flame     |       |       |     2 |       ||     2
       Sticky Flame      |       |       |    16 |    22 ||    38
       Fireball          |       |       |       |     6 ||     6
Evoke: Wand              |       |       |     7 |    10 ||    17
  Use: Scroll            |       |     8 |     9 |     6 ||    23
       Potion            |       |       |     2 |       ||     2
 Stab: Sleeping          |     1 |       |       |       ||     1
  Eat: Chunk             |     1 |     5 |    16 |    14 ||    36
       Bread ration      |       |     1 |       |       ||     1
       Pizza             |       |       |     2 |       ||     2
       Fruit             |       |       |       |     2 ||     2
       Royal jelly       |       |       |       |     1 ||     1
       Meat ration       |       |       |       |     1 ||     1
Armor: Skin              |     2 |       |     2 |       ||     4
Dodge: Dodged            |    13 |    21 |    43 |    31 ||   108
Block: Buckler           |       |       |     8 |       ||     8
